 Dungeon Crawl Stone Soup version 0.24.0-1-gfbc8707122 (webtiles) character file.

Game seed: 17128276426994351818, levelgen mode: deterministic

1467 MTVSty1e the Cleaver (level 8, -16/64 HPs)
             Began as a Minotaur Fighter on Oct 28, 2019.
             Killed from afar by a deep elf mage (40 damage)
             ... with a bolt of lightning
             ... on level 8 of the Dungeon.
             The game lasted 00:05:07 (3923 turns).

MTVSty1e the Cleaver (Minotaur Fighter)             Turns: 3923, Time: 00:05:08

Health: -16/64     AC: 11    Str: 28    XL:     8   Next: 48%
Magic:  7/7        EV:  3    Int:  5    God:
Gold:   249        SH: 15    Dex: 10    Spells: 7/7 levels left

rFire    . . .     SeeInvis .   a - +0 war axe
rCold    . . .     Gourm    .   j - +0 large shield
rNeg     . . .     Faith    .   v - -1 plate armour (curse)
rPois    .         Spirit   .   (helmet restricted)
rElec    .         Reflect  .   y - +0 cloak
rCorr    .         Harm     .   (no gloves)
MR       .....                  (no boots)
Stlth    ..........             (no amulet)
HPRegen  0.20/turn              (no ring)
MPRegen  0.10/turn              (no ring)

@: mighty
A: retaliatory headbutt, horns 2
a: no special abilities


You were on level 8 of the Dungeon.
You were not hungry.

You visited 1 branch of the dungeon, and saw 6 of its levels.
You also visited: Ossuary.

You collected 249 gold pieces.

Inventory:

Hand Weapons
 a - a +0 war axe (weapon)
 x - the cursed +3 whip of Destiny {slash, +Blink rPois rF+, unknown}
   (You found it on level 8 of the Dungeon)

   It inflicts extra damage upon your enemies.
   It protects you from fire.
   It protects you from poison.
   It lets you blink.
   It has a curse placed upon it.
Armour
 b - a +0 scale mail
 c - a +0 shield
 j - a +0 large shield (worn)
 v - a cursed -1 plate armour (worn)
 y - a +0 cloak (worn)
Wands
 t - a wand of digging (6)
Scrolls
 g - 2 scrolls of remove curse
 k - a scroll of enchant armour
 n - a scroll of fog
 u - a scroll of amnesia
Potions
 e - a potion of brilliance
 h - a potion of resistance {unknown}
 i - 2 potions of flight {unknown}
 l - 3 potions of heal wounds
 m - a potion of degeneration {unknown}
 o - 7 potions of curing {unknown}
 p - 2 potions of agility {unknown}
 q - 2 potions of magic {unknown}
 r - 2 potions of haste {unknown}
 w - 2 potions of cancellation {unknown}
Comestibles
 f - 2 rations


   Skills:
 - Level 3.6 Fighting
 * Level 12.5 Axes
 - Level 3.6 Armour
 - Level 3.6 Shields


You had 7 spell levels left.
You didn't know any spells.
Your spell library was empty.

Dungeon Overview and Level Annotations

Branches:
Dungeon (8/15)            Ossuary (visited)
 Temple: D:4-7         Lair: D:8-11

Altars:
Makhleb


Innate Abilities, Weirdness & Mutations

You reflexively headbutt those who attack you in melee.
You have a pair of horns on your head.


Message History

You slice the kobold!!
You kill the kobold!
The big kobold completely misses you. You furiously retaliate!
You headbutt the big kobold! You slash the big kobold!
You kill the big kobold!
Your shield prevents you from hitting the quokka.
The quokka bites you but does no damage.
You slice the quokka!!
You kill the quokka!
Things that are here:
a +0 dagger; a +0 club; a big kobold corpse The deep elf mage casts a spell at you.
The bolt of lightning hits you!
You slash the deep elf mage!
The deep elf mage is moderately wounded.
The deep elf mage casts a spell at you. The bolt of lightning hits you!!!
Ouch! That really hurt!
You die...

##.........##...#
.#.........##...#
.#.........++...####
.#.........##...#...
.###......#.'...+..
.########.#.#...#.#
..........#.#...#'######
.....###....#.))........
.....+......##..@.......
.....###....##...e......
............##..........
#######.....##..........
# #.#.#.#####.###### #
#.#.### .# # #.#.# .# #
.#


You could see a deep elf mage.

Vanquished Creatures
  Purgy (D:4)
  An ogre (D:4)
  6 elf zombies (Ossuary)
  A big kobold (D:8)
  2 bullfrogs (D:8)
  A scorpion (D:4)
  A quasit (D:8)
  5 centaur zombies (Ossuary)
  A bullfrog skeleton (D:4)
  A human zombie (Ossuary)
  2 jellies (D:8)
  An orc wizard (D:4)
  An iguana (D:4)
  4 worker ants (D:4)
  3 mummies (Ossuary)
  4 gnolls
  A howler monkey skeleton (D:4)
  An adder (D:2)
  An adder skeleton (D:4)
  2 worms
  A dart slug (D:1)
  A leopard gecko (D:5)
  8 orcs (D:4)
  A ball python (D:1)
  8 bats
  4 giant cockroaches
  5 goblins
  10 hobgoblins
  2 jackals (D:4)
  2 quokkas
  6 frilled lizards
  4 kobolds
  A quokka skeleton (D:4)
  2 rats
95 creatures vanquished.

Vanquished Creatures (others)
  A kobold (D:8)
1 creature vanquished.

Grand Total: 96 creatures vanquished

Notes
Turn   | Place    | Note
-------+----------+-------------------------------------------
     0 | D:1      | MTVSty1e the Minotaur Fighter began the quest for the Orb.
     0 | D:1      | Reached XP level 1. HP: 19/19 MP: 0/0
    83 | D:1      | Reached skill level 3 in Axes
   117 | D:1      | Reached XP level 2. HP: 26/26 MP: 1/1
   350 | D:1      | Reached skill level 4 in Axes
   662 | D:2      | Reached XP level 3. HP: 29/31 MP: 2/2
  1015 | D:2      | Reached skill level 5 in Axes
  1232 | D:2      | Reached XP level 4. HP: 39/39 MP: 3/3
  1354 | D:3      | You fall into a shaft and drop 1 floor!
  1398 | D:4      | Reached skill level 6 in Axes
  1422 | D:4      | Noticed an ogre
  1425 | D:4      | Reached XP level 5. HP: 30/45 MP: 4/4
  1430 | D:4      | Killed an ogre
  1430 | D:4      | Reached skill level 7 in Axes
  1436 | D:4      | Reached XP level 6. HP: 12/51 MP: 5/5
  1679 | D:4      | Noticed Purgy
  1692 | D:4      | Killed Purgy
  1692 | D:4      | Reached skill level 8 in Axes
  1985 | D:4      | Reached skill level 9 in Axes
  2842 | D:5      | Entered Level 5 of the Dungeon
  2857 | D:5      | Found a burning altar of Makhleb.
  2915 | D:5      | You fall into a shaft and drop 3 floors!
  2942 | D:8      | Reached XP level 7. HP: 45/57 MP: 6/6
  2953 | D:8      | Found a sand-covered staircase.
  2966 | D:8      | Got a warped whip
  2986 | Ossuary  | Entered an ossuary
  3014 | Ossuary  | Reached skill level 10 in Axes
  3386 | Ossuary  | Reached skill level 11 in Axes
  3386 | Ossuary  | Reached XP level 8. HP: 55/64 MP: 7/7
  3666 | D:8      | Reached skill level 12 in Axes
  3913 | D:8      | Noticed a deep elf mage
  3923 | D:8      | Killed from afar by a deep elf mage

Levels and vault maps discovered:
D:1:      psy_arrival_conway, layout_loops_ring
D:2:      minmay_chambers_of_twos, layout_loops_ring, kennysheep_pointless_box
D:3:      layout_basic, nemelex_altar_shiori
D:4:      layout_basic, first_ration, uniq_purgy
D:5:      layout_loops_ring, lemuel_round_altar, ebering_ghost_gozag,
          serial_shops, nicolae_shop_behind_doors
D:8:      layout_basic, grunt_qazlal_sundering, chequers_ossuary_entry_cave,
          grunt_pizzeria, kennysheep_decorative_pillar

Skill      XL: |  1  2  3  4  5  6  7  8 |
---------------+-------------------------+-----
Axes           | 3 4 5 6 7 9 11 12 | 12.5
Fighting       | |  3.6
Armour         | |  3.6
Shields        | |  3.6

Action                   |  1- 3 |  4- 6 |  7- 9 || total
-------------------------+-------+-------+-------++-------
Melee: War axe           |    83 |    89 |   141 ||   313
       Headbutt          |     9 |    16 |    33 ||    58
  Use: Scroll            |       |     1 |     7 ||     8
       Potion            |       |     4 |     4 ||     8
  Eat: Chunk             |     1 |     1 |       ||     2
       Ration            |       |     2 |     1 ||     3
Armor: Scale mail        |    34 |    21 |       ||    55
       Plate armour      |       |     6 |    57 ||    63
Dodge: Dodged            |    25 |    22 |     6 ||    53
Block: Shield            |    42 |    12 |       ||    54
       Large shield      |       |    35 |    73 ||   108
